 Dungeon Crawl Stone Soup version 0.23.1 (webtiles) character file.

Game seed: 10200769922097516151

254 Marnok the Chopper (level 5, -7/61 HPs)
             Began as a Demonspawn Fighter on Mar 1, 2019.
             Mangled by Blork the orc
             ... wielding a +0 scimitar of holy wrath
              (10 damage)
             ... on level 4 of the Dungeon.
             The game lasted 00:12:57 (1953 turns).

Marnok the Chopper (Demonspawn Fighter)             Turns: 1953, Time: 00:12:58

Health: -7/61      AC:  9    Str: 23    XL:     5   Next: 91%
Magic:  5/5        EV:  9    Int:  9    God:
Gold:   53         SH: 12    Dex: 14    Spells: 4/4 levels left

rFire    . . .     SeeInvis .   a - +0 war axe
rCold    + . .     Gourm    .   c - +2 shield
rNeg     . . .     Faith    .   d - +2 leather armour {rC+}
rPois    .         Spirit   .   (no helmet)
rElec    .         Reflect  .   (no cloak)
rCorr    .         Harm     .   (no gloves)
MR       .....                  (no boots)
Stlth    ..........             (no amulet)
HPRegen  1.20/turn              k - +2 ring of dexterity
MPRegen  0.09/turn              (no ring)

@: berserking, very quick
A: iridescent scales 2, powered by death 2
a: no special abilities


You were on level 4 of the Dungeon.
You were not hungry.

You visited 1 branch of the dungeon, and saw 4 of its levels.

You collected 53 gold pieces.

Inventory:

Hand Weapons
 a - a +0 war axe (weapon)
Armour
 b - a +0 scale mail
 c - a +2 shield (worn)
 d - a +2 leather armour of cold resistance (worn)
 g - a +0 robe of magic resistance
Jewellery
 k - a +2 ring of dexterity (left hand)
Wands
 e - a wand of polymorph (12)
Scrolls
 j - a scroll of random uselessness
Potions
 i - a potion of curing
 l - 2 potions of ambrosia
Comestibles
 f - 2 rations
 o - 5 chunks of flesh


   Skills:
 + Level 3.5 Fighting
 + Level 3.9 Axes
 + Level 3.6 Armour
 + Level 1.4 Dodging
 + Level 0.1 Stealth
 + Level 3.3 Shields


You had 4 spell levels left.
You didn't know any spells.
Your spell library was empty.

Dungeon Overview and Level Annotations

Branches:
Dungeon (4/15)
 Temple: D:4-7

Altars:
Gozag
The Shining One

Annotations:
D:4 Blork the orc


Innate Abilities, Weirdness & Mutations

You are mostly covered in iridescent scales. (AC +4)
You regenerate health from kills.


Message History

It was a potion of berserk rage.
A red film seems to cover your vision as you go berserk!
You feel yourself moving faster!
You feel mighty!
Blork the orc hits you but does no damage.
The ogre closely misses you.
You slash Blork the orc!
Blork the orc is heavily wounded.
You slash the ogre!
You kill the ogre!
Blork the orc hits you with a +0 scimitar of holy wrath.
* * * LOW HITPOINT WARNING * * *
You convulse.
* * * LOW HITPOINT WARNING * * *
You are too berserk!
You barely miss Blork the orc.
Blork the orc is heavily wounded.
Blork the orc hits you with a +0 scimitar of holy wrath!
* * * LOW HITPOINT WARNING * * *
You convulse!
You die...

#.... .... ....
#..#
.#######..#######
<............>..
......)o..<....
#..# #@#
#..###.#######
#.............
#.).........$. #
## ##..##...##+##
#..##.###..###+##
.......<#...#
........'...#
#.###..###.##


You could see Blork the orc.

Vanquished Creatures
  An ogre (D:4)
  An orc priest (D:3)
  An orc wizard (D:3)
  4 adders
  3 oozes
  A dart slug (D:2)
  6 leopard geckos
  An orc (D:3)
  4 ball pythons
  3 giant cockroaches (D:3)
  5 goblins
  7 hobgoblins
  3 kobolds
  A quokka (D:3)
  2 bats
  4 frilled lizards (D:1)
  7 rats
54 creatures vanquished.

Notes
Turn   | Place    | Note
-------+----------+-------------------------------------------
     0 | D:1      | Marnok the Demonspawn Fighter began the quest for the Orb.
     0 | D:1      | Reached XP level 1. HP: 18/18 MP: 1/1
    96 | D:1      | Gained mutation: You regenerate a little health from kills.
                  | [demonic ancestry]
    96 | D:1      | Reached XP level 2. HP: 24/24 MP: 2/2
   659 | D:2      | Gained mutation: You are partially covered in iridescent
                  | scales. (AC +2) [demonic ancestry]
   659 | D:2      | Reached XP level 3. HP: 25/29 MP: 3/3
   913 | D:3      | Found a glowing golden altar of the Shining One.
   989 | D:3      | Gained mutation: You regenerate health from kills. [demonic
                  | ancestry]
   989 | D:3      | Reached XP level 4. HP: 31/35 MP: 4/4
  1104 | D:3      | Reached skill level 1 in Dodging
  1108 | D:3      | Gained mutation: You are mostly covered in iridescent
                  | scales. (AC +4) [demonic ancestry]
  1108 | D:3      | Reached XP level 5. HP: 31/41 MP: 5/5
  1302 | D:3      | Found an opulent altar of Gozag.
  1941 | D:4      | Noticed an ogre
  1941 | D:4      | Noticed Blork the orc
  1952 | D:4      | Killed an ogre
  1953 | D:4      | HP: 3/61 [Blork the orc/+0 scimitar of holy wrath (7)]
  1953 | D:4      | Mangled by Blork the orc

Skill      XL: |  1  2  3  4 |
---------------+-------------+-----
Armour         | 3 |  3.6
Axes           | 2 3 |  3.9
Shields        | 3 |  3.3
Dodging        | 1 |  1.4
Fighting       | |  3.5
Stealth        | |  0.1

Action                   |  1- 3 |  4- 6 || total
-------------------------+-------+-------++-------
Melee: War axe           |   124 |   101 ||   225
  Use: Scroll            |     2 |     2 ||     4
       Potion            |     1 |     3 ||     4
  Eat: Chunk             |       |     4 ||     4
Armor: Scale mail        |    68 |    42 ||   110
       Leather armour    |       |     9 ||     9
Dodge: Dodged            |    40 |    24 ||    64
Block: Shield            |    58 |    62 ||   120
